 Dungeon Crawl Stone Soup version 0.28.0-53-g5a82cb258f (webtiles) character file.

Game seed: 2344641707274600199

43323 pkoi the Zephyrmancer (level 13, -3/94 HPs)
             Began as a Demigod Venom Mage on May 24, 2022.
             Killed from afar by a lindwurm (17 damage)
             ... with a blast of flame
             ... on level 6 of the Lair of Beasts.
             The game lasted 00:55:07 (27818 turns).

pkoi the Zephyrmancer (Demigod Venom Mage)         Turns: 27818, Time: 00:55:07

Health: -3/94      AC: 14    Str: 12    XL:     13   Next: 53%
Magic:  14/26      EV: 13    Int: 30    God:
Gold:   501        SH:  0    Dex: 14    Spells: 4/24 levels left

rFire   . . .      SeeInvis +   L - +9 flail "Giantbane" {venom, *Corrode rPois Will+++ Str+3}
rCold   + + +      Faith    .   (no shield)
rNeg    . . .      Spirit   .   K - +4 skin of Zhor {*Englaciate rC+++ SInv}
rPois   +          Reflect  .   (no helmet)
rElec   .          Harm     .   h - +0 cloak
rCorr   .          Rampage  .   e - +3 Mad Mage's Maulers {Infuse+∞ RegenMP Int-3}
Will    ++++.                   I - +1 pair of boots {Stlth+}
Stlth   +++.......              (no amulet)
HPRegen 0.25/turn               x - ring of wizardry
MPRegen 0.60/turn               f - +4 ring of slaying

@: no status effects
A: high MP 1, forlorn, divine attributes
a: no special abilities


You were on level 6 of the Lair of Beasts.
You visited 2 branches of the dungeon, and saw 17 of its levels.

You collected 891 gold pieces.
You spent 390 gold pieces at shops.

Inventory:

Hand Weapons
 b - a +1 dagger of holy wrath
 r - the +5 trident of Oozing Pus {vorpal, rF+ rC- rN+ Dex+3}
   (You took it off an orc wizard on level 6 of the Dungeon)

   It inflicts extra damage upon your enemies.
   Dex:       It affects your dexterity (+3).
   rF:        It protects you from fire.
   rC:        It makes you vulnerable to cold.
   rN:        It protects you from negative energy.
 t - a +1 dagger of venom
 v - a +0 whip of electrocution
 y - a +5 dagger of venom
 L - the +9 flail "Giantbane" (weapon) {venom, *Corrode rPois Will+++ Str+3}
   (You found it on level 2 of the Lair of Beasts)

   It poisons the flesh of those it strikes.
   Str:       It affects your strength (+3).
   rPois:     It protects you from poison.
   *Corrode:  It may corrode you when you take damage.
   Will:      It greatly increases your willpower.
Missiles
 C - a curare-tipped dart
 G - 4 throwing nets
 M - 3 boomerangs of dispersal
Armour
 e - the +3 Mad Mage's Maulers (worn) {Infuse+∞ RegenMP Int-3}
   (You found it on level 2 of the Dungeon)

   It empowers its wearer's blows with all of their magic.
   It causes its wearer's magical reserves to regenerate more quickly.
   Int:       It affects your intelligence (-3).
 g - +0 steam dragon scales
 h - a +0 cloak (worn)
 A - the +2 leather armour of Baldness {Fly Will+ Dex-2 Stlth+}
   (You took it off a wight on level 7 of the Dungeon)

   Dex:       It affects your dexterity (-2).
   Fly:       It grants you flight.
   Will:      It increases your willpower.
   Stlth:     It makes you more stealthy.
 I - a +1 pair of boots of stealth (worn)
 K - the +4 skin of Zhor (worn) {*Englaciate rC+++ SInv}
   (You found it on level 2 of the Lair of Beasts)

   It radiates cold, occasionally slowing all nearby creatures who are not
   resistant to cold.
   rC:        It renders you almost immune to cold.
   SInv:      It lets you see invisible.
Jewellery
 a - a ring of flight
 f - a +4 ring of slaying (right hand)
 o - a ring of fire
 u - a ring of resist corrosion
 x - a ring of wizardry (left hand)
 z - a ring of protection from cold
 P - a ring of ice
 R - an amulet of regeneration
 V - a ring of see invisible
Wands
 j - a wand of flame (65)
 Q - a wand of mindburst (11)
 S - a wand of paralysis (6)
Scrolls
 c - 6 scrolls of fear
 d - 3 scrolls of teleportation
 i - 3 scrolls of magic mapping
 k - a scroll of silence
 l - 3 scrolls of enchant armour
 B - a scroll of summoning
 F - a scroll of blinking
 H - 2 scrolls of amnesia
 J - 2 scrolls of fog
 T - 2 scrolls of identify
 U - a scroll of enchant weapon {unknown}
Potions
 m - 4 potions of haste
 n - 5 potions of flight {unknown}
 p - a potion of magic
 q - 3 potions of resistance
 s - 3 potions of heal wounds
 w - 5 potions of brilliance
 D - 4 potions of might
 E - a potion of berserk rage
 N - a potion of mutation {unknown}
 O - 4 potions of ambrosia


   Skills:
 - Level 3.0 Fighting
 - Level 5.0 Armour
 - Level 4.0 Dodging
 - Level 3.0 Stealth
 + Level 8.4 Unarmed Combat
 + Level 6.2 Spellcasting
 - Level 6.0 Conjurations
 + Level 5.6 Hexes
 - Level 6.0 Translocations
 + Level 8.1 Transmutations
 - Level 6.0 Fire Magic
 + Level 9.0 Air Magic
 - Level 8.0 Poison Magic


You had 4 spell levels left.
You knew the following spells:

 Your Spells              Type           Power      Damage    Failure   Level
a - Sting                 Tmut/Pois      100%       1d8       1%          1
b - Poisonous Vapours     Pois/Air       100%       N/A       1%          2
c - Mephitic Cloud        Conj/Pois/Air  53%        N/A       1%          3
d - Olgreb's Toxic Radia  Pois           55%        N/A       1%          4
e - Ignite Poison         Fire/Tmut/Pois 52%        N/A       1%          3
f - Magic Dart            Conj           100%       1d8       1%          1
g - Blink                 Tloc           90%        N/A       1%          2
h - Fulminant Prism       Conj/Hex       22%        3d13      1%          4

Your spell library contained the following spells:

 Spells                   Type           Power      Damage    Failure   Level
 Ensorcelled Hibernation  Hex/Ice        52%        N/A       1%          2
 Searing Ray              Conj           90%        2d7       1%          2
 Wereblood                Tmut           55%        N/A       1%          2
 Conjure Flame            Conj/Fire      45%        6-21      1%          3
 Inner Flame              Hex/Fire       44%        N/A       1%          3
 Spider Form              Tmut/Pois      55%        N/A       1%          3
 Tukima's Dance           Hex            43%        N/A       1%          3
 Cause Fear               Hex            21%        N/A       1%          4
 Sticky Flame             Conj/Fire      45%        2d6       1%          4
 Sublimation of Blood     Necr           9%         N/A       3%          2
 Ozocubu's Armour         Ice            9%         N/A       6%          3
 Anguish                  Hex/Necr       13%        N/A       6%          4
 Blade Hands              Tmut           27%        N/A       1%          5
 Irradiate                Conj/Tmut      25%        3d21      3%          5
 Iskenderun's Battlesphe  Conj           45%        2d10      4%          5
 Manifold Assault         Tloc           45%        N/A       4%          5
 Metabolic Englaciation   Hex/Ice        13%        N/A       17%         5
 Storm Form               Tmut/Air       28%        N/A       45%         7
 Dragon Form              Tmut           27%        N/A       50%         7
 Iron Shot                Conj/Erth      13%        9d3       65%         6
 Enfeeble                 Hex            21%        N/A       82%         7
 Simulacrum               Ice/Necr       4%         N/A       95%         6
 Spellforged Servitor     Conj/Summ      13%        N/A       99%         7
 Summon Hydra             Summ           4%         N/A       100%        7
 Discord                  Hex            21%        N/A       100%        8


Dungeon Overview and Level Annotations

Branches:
Dungeon (11/15)            Temple (0/1) D:4            Lair (6/6) D:11
 Shoals (0/4) Lair:3        Snake (0/4) Lair:2        Slime (0/5) Lair:6
    Orc (0/2) D:9

Shops:
D:8 :

Annotations:
Lair:3 2 transporters
Lair:6 1 runed translucent door


Innate Abilities, Weirdness & Mutations

You have an increased reservoir of magic. (+10% MP)
You shall have no god before yourself.
Your divine heritage dramatically boosts your attributes as you level up.


Message History

The lindwurm is poisoned.
You radiate an aura of cold.
The lindwurm seems to slow down.
Unknown command.
Casting: Poisonous Vapours (safe; 1% risk of failure)
Confirm with . or Enter, or press ? or * to list all spells.
Aiming: Poisonous Vapours (safe; 1% risk of failure)
Press: ? - help, Dir - move target, f/p - lindwurm
Aim: a lindwurm (moderately wounded, very poisoned, slow) Poisonous vapours surround the lindwurm!
The lindwurm looks as sick as possible!
Unknown command.
The lindwurm is no longer moving slowly.
You radiate an aura of cold.
The lindwurm resists.
The lindwurm breathes flames at you. The blast of flame hits you!!
* * * LOW HITPOINT WARNING * * *
The fire dragon roars deafeningly!
The lindwurm breathes flames at you. The blast of flame hits you!!
* * * LOW HITPOINT WARNING * * *
Casting: Poisonous Vapours (safe; 1% risk of failure)
Confirm with . or Enter, or press ? or * to list all spells.
Aiming: Poisonous Vapours (safe; 1% risk of failure)
Press: ? - help, Dir - move target, f/p - lindwurm
Aim: a lindwurm (heavily wounded, very poisoned) Poisonous vapours surround the lindwurm!
The lindwurm looks as sick as possible!
Unknown command.
Casting: Poisonous Vapours (safe; 1% risk of failure)
Confirm with . or Enter, or press ? or * to list all spells.
Aiming: Fulminant Prism (mildly dangerous; 1% risk of failure)
Press: ? - help, Dir - move target, p - lindwurm You conjure a prism of explosive energy!
A fulminant prism comes into view.
The lindwurm breathes flames at you. The blast of flame hits you!!
* * * LOW HITPOINT WARNING * * *
The lindwurm breathes flames at you. The blast of flame hits you!
You die... ..........###### ### ### # .P......#..# ...#....P### .#......PP.# ..... #.........# #.... ####.#...## ##$.k. ##....P## PPP.†

# ##$ ##.##..##
.P.†#.## #$$
###@...# #..k#.#
#$$$ ##..### #...###
#$D$ #..## ####.P...
$$####...#
##.#...... #+#..*###
#.#....P.# ##P⌠k##
######....###.
#...### #.##.....##
###...## ##.....#..#
##...###.k...##....P


You could see a lindwurm (extremely poisoned, catching breath, ally target) and
a friendly fulminant prism.

Vanquished Creatures
  Kirke (Lair:5)
  Fannar (Lair:3)
  3 hydras
  Harold (D:9)
  A catoblepas (Lair:3)
  3 two-headed ogres
  6 death yaks (Lair:3)
  Pikel (D:6)
  A manticore (Lair:3)
  5 elephants (Lair:1)
  3 black mambas (Lair:1)
  4 torpor snails
  11 cane toads
  4 rime drakes
  5 komodo dragons
  A tyrant leech (Lair:6)
  8 polar bears
  A queen bee (Lair:3)
  A raiju (Lair:5)
  A wind drake (Lair:3)
  24 blink frogs
  2 hornets
  11 dream sheep
  A wraith (D:9)
  29 yaks
  2 hogs (Lair:5)
  5 wyverns
  A basilisk (Lair:2)
  A human (Lair:5)
  Menkaure (D:6)
  A steam dragon (D:6)
  7 water moccasins
  A warg (Lair:6)
  An acid dragon (D:11)
  2 nagas (Lair:2)
  3 orc warriors
  A hornet zombie (D:6)
  A sky beast (D:7)
  2 ice beasts (D:5)
  A black bear (D:5)
  4 ogres
  4 necrophages
  26 wolves
  A lemure (D:6)
  2 centaurs
  A phantom (D:5)
  A kobold brigand (D:8)
  15 bullfrogs
  A wyvern zombie (D:8)
  Blork the orc (D:4)
  2 scorpions
  A water moccasin skeleton (D:5)
  A water moccasin zombie (D:6)
  11 wights
  15 killer bees
  An electric eel (Lair:5)
  2 howler monkeys
  2 centaur zombies
  A bullfrog zombie (D:6)
  3 hounds
  3 jellies
  A human zombie (D:8)
  5 orc priests
  A centaur skeleton (D:4)
  2 bullfrog skeletons
  8 orc wizards
  6 iguanas
  2 killer bee zombies (D:8)
  A hound skeleton (D:4)
  2 mummies (D:8)
  2 howler monkey zombies
  3 gnolls
  6 adders
  An ufetubus (D:6)
  3 adder skeletons
  2 worms
  2 dart slugs (D:2)
  25 orcs
  7 ball pythons
  8 endoplasms
  2 giant cockroaches
  11 goblins
  9 hobgoblins
  4 jackals (D:2)
  8 kobolds
  2 quokkas
  4 bats
  A frilled lizard (D:1)
  7 rats
  A butterfly (Lair:4)
393 creatures vanquished.

Vanquished Creatures (collateral kills)
  A white imp (D:6)
1 creature vanquished.

Vanquished Creatures (others)
  44 fulminant prisms
  33 fungi
  67 plants
144 creatures vanquished.

Grand Total: 538 creatures vanquished

Notes
Turn   | Place    | Note
-------+----------+-------------------------------------------
     0 | D:1      | pkoi the Demigod Venom Mage began the quest for the Orb.
     0 | D:1      | Reached XP level 1. HP: 14/14 MP: 5/5
   659 | D:1      | Reached XP level 2. HP: 19/20 MP: 1/7
  1329 | D:1      | Learned a level 2 spell: Poisonous Vapours
  1532 | D:2      | Reached skill level 1 in Transmutations
  1628 | D:2      | Reached XP level 3. HP: 21/26 MP: 5/8
  1649 | D:2      | HP: 1/26 [jackal (1)]
  2007 | D:2      | Noticed an ogre
  2027 | D:2      | Killed an ogre
  2028 | D:2      | Reached skill level 1 in Air Magic
  2028 | D:2      | Reached XP level 4. HP: 15/33 MP: 7/10
  2366 | D:2      | Found the +3 Mad Mage's Maulers {Infuse+∞ RegenMP Int-3}
  2781 | D:2      | Noticed an ogre
  2860 | D:2      | Killed an ogre
  2861 | D:2      | Reached skill level 2 in Air Magic
  2861 | D:2      | Reached XP level 5. HP: 12/38 MP: 10/12
  3078 | D:2      | Learned a level 3 spell: Mephitic Cloud
  3687 | D:3      | Noticed an ogre
  3706 | D:3      | Killed an ogre
  3707 | D:3      | Reached skill level 1 in Conjurations
  3707 | D:3      | Reached XP level 6. HP: 45/45 MP: 11/13
  3814 | D:3      | Learned a level 4 spell: Olgreb's Toxic Radiance
  3966 | D:3      | Reached skill level 3 in Air Magic
  4070 | D:3      | Reached skill level 5 in Poison Magic
  5394 | D:4      | Found a staircase to the Ecumenical Temple.
  5512 | D:4      | Noticed Blork the orc
  5551 | D:4      | Reached XP level 7. HP: 40/51 MP: 10/14
  5557 | D:4      | Killed Blork the orc
  5558 | D:4      | Reached skill level 1 in Fighting
  5916 | D:5      | Entered Level 5 of the Dungeon
  6482 | D:5      | Reached skill level 1 in Armour
  6974 | D:5      | Reached XP level 8. HP: 62/62 MP: 15/15
  7996 | D:6      | Noticed Pikel
  8019 | D:6      | Killed Pikel
  8149 | D:6      | Noticed Menkaure
  8157 | D:6      | Killed Menkaure
  8669 | D:6      | HP: 1/63 [something] (4)]
  9014 | D:6      | Reached XP level 9. HP: 61/69 MP: 1/16
 10429 | D:6      | Identified the +5 trident of Oozing Pus {vorpal, rF+ rC-
                  | rN+ Dex+3}
 10441 | D:6      | Reached skill level 1 in Unarmed Combat
 11046 | D:7      | Identified the +2 leather armour of Baldness {Fly Will+
                  | Dex-2 Stlth+}
 11429 | D:7      | Reached skill level 5 in Armour
 12271 | D:8      | Reached skill level 4 in Air Magic
 14820 | D:8      | Found Fyxzedaqu's Book Shoppe.
 14823 | D:8      | Bought an Everburning Encyclopedia for 390 gold pieces
 14827 | D:8      | Learned a level 3 spell: Ignite Poison
 15314 | D:9      | Found a staircase to the Orcish Mines.
 15565 | D:9      | Noticed Harold
 15568 | D:9      | Killed Harold
 15569 | D:9      | Reached skill level 1 in Fire Magic
 15569 | D:9      | Reached XP level 10. HP: 77/77 MP: 13/20
 15724 | D:9      | Noticed a two-headed ogre
 15727 | D:9      | Killed a two-headed ogre
 15975 | D:9      | Noticed a two-headed ogre
 16034 | D:9      | Killed a two-headed ogre
 16035 | D:9      | Reached skill level 5 in Conjurations
 16035 | D:9      | Reached skill level 5 in Air Magic
 16744 | D:10     | Entered Level 10 of the Dungeon
 16797 | D:10     | Noticed a two-headed ogre
 16800 | D:10     | Killed a two-headed ogre
 16908 | D:10     | Reached skill level 5 in Spellcasting
 17405 | D:11     | Found a staircase to the Lair.
 17419 | D:11     | Reached XP level 11. HP: 82/82 MP: 10/22
 17432 | Lair:1   | Entered Level 1 of the Lair of Beasts
 18235 | Lair:1   | Reached skill level 5 in Unarmed Combat
 18236 | Lair:1   | Reached skill level 6 in Air Magic
 19143 | Lair:1   | Learned a level 1 spell: Magic Dart
 19146 | Lair:1   | Learned a level 2 spell: Blink
 19251 | Lair:1   | Reached skill level 1 in Translocations
 19251 | Lair:1   | Reached skill level 5 in Transmutations
 19969 | Lair:2   | Found the +4 skin of Zhor {*Englaciate rC+++ SInv}
 20419 | Lair:2   | Noticed an eight-headed hydra
 20437 | Lair:2   | Learned a level 4 spell: Fulminant Prism
 20506 | Lair:2   | Killed an eight-headed hydra
 20507 | Lair:2   | Reached skill level 5 in Fire Magic
 20637 | Lair:2   | Found a staircase to the Snake Pit.
 20989 | Lair:2   | Identified the +5 chain mail of the Okapi {rC+ Int+3
                  | Stlth+}
 21014 | Lair:2   | Identified the +9 flail "Giantbane" {venom, *Corrode rPois
                  | Will+++ Str+3}
 21341 | Lair:3   | Reached skill level 1 in Hexes
 21351 | Lair:3   | Reached skill level 7 in Air Magic
 21489 | Lair:3   | Found a staircase to the Shoals.
 21631 | Lair:3   | Found a transporter.
 21632 | Lair:3   | Found a transporter.
 21639 | Lair:3   | Noticed a boulder beetle
 21792 | Lair:3   | Reached XP level 12. HP: 89/89 MP: 16/25
 22547 | Lair:3   | Noticed Fannar
 22550 | Lair:3   | Killed Fannar
 22614 | Lair:3   | Noticed a catoblepas
 22622 | Lair:3   | Killed a catoblepas
 23503 | Lair:4   | Noticed a five-headed hydra
 23512 | Lair:4   | Killed a five-headed hydra
 23608 | Lair:4   | Reached skill level 8 in Air Magic
 23836 | Lair:4   | Noticed an eight-headed hydra
 24253 | Lair:4   | Killed an eight-headed hydra
 24586 | Lair:5   | Reached skill level 5 in Translocations
 24586 | Lair:5   | Reached XP level 13. HP: 94/94 MP: 12/26
 24840 | Lair:5   | Noticed Kirke
 25166 | Lair:5   | Killed Kirke
 25405 | Lair:5   | Reached skill level 5 in Hexes
 26631 | Lair:6   | Entered Level 6 of the Lair of Beasts
 27395 | Lair:6   | Found a staircase to the Slime Pits.
 27644 | Lair:6   | Found a runed translucent door.
 27676 | Lair:6   | Reached skill level 9 in Air Magic
 27818 | Lair:6   | Killed from afar by a lindwurm

Illustrated notes

Levels and vault maps discovered:
D:1:      scummos_arrival_simple_fountains, layout_loops_corners
D:2:      minmay_chambers_of_ones, layout_loops_ring,
          shapermc_ecumenical_altar_mp_vishouse, minmay_hedge_maze
D:3:      layout_loops_ring, overflow_temple_1_default
D:4:      layout_basic, mainiacjoe_overflow_alcove_4,
          chequers_temple_overflow_statue_of_worship,
          minmay_temple_entry_sparse_star, minmay_unequal, uniq_blork_the_orc
D:5:      layout_basic, minmay_misc_feat_cross
D:6:      layout_basic, minmay_fractal_squares_diagonal_5, uniq_menkaure,
          uniq_pikel
D:7:      layout_loops_ring, minmay_circle_x
D:8:      layout_rooms, lemuel_mausoleum_altar_yredelemnul, serial_shops,
          kennysheep_mini, minmay_statues_item
D:9:      layout_long_grid, minmay_overflow_temple_star_hex,
          minmay_orc_entry_temple_small, uniq_harold
D:10:     layout_rooms, mainiacjoe_overflow_catwalk
D:11:     layout_irregular_city, minmay_lair_entry_grove, st_stairs_13,
          amethyst_killhole, kennysheep_minor_cross
Lair:1:   layout_roguey, beast_lair_carwin_2, grunt_megastairs_3
Lair:2:   layout_loops_ring, guppyfry_snake_entry_garden,
          chequers_serial_rivers_small_3, chequers_serial_rivers_large_b,
          hellmonk_guarded_unrand_zhor
Lair:3:   gammafunk_boulding_lane, layout_cave_pods, minmay_shoals_entry_beasts,
          special_room [special_room_bee], lemuel_fruit_fields, uniq_fannar
Lair:4:   layout_concentric_octagons, grunt_megastairs_5, lemuel_fruit_fields,
          infiniplex_staircase_pool_2
Lair:5:   layout_cave_pods, serial_bayou_shore_a, uniq_kirke
Lair:6:   wormcave, layout_regular_city, hangedman_lair_caniforms_friends,
          slime_altar_1, chequers_serial_rivers_room_b,
          dreamdust_deal_with_the_devil, grunt_megastairs_1

Skill      XL: |  1  2  3  4  5  6  7  8  9 10 11 12 13 |
---------------+----------------------------------------+-----
Poison Magic   | 3 4 5 6 7 8 |  8.0
Transmutations | 1 2 3 5 7 8 |  8.1
Spellcasting   | 2 3 4 5 6 |  6.2
Air Magic      | 1 2 3 4 5 7 8 9 |  9.0
Conjurations   | 1 2 3 4 5 6 |  6.0
Dodging        | 2 3 4 |  4.0
Fighting       | 2 3 |  3.0
Armour         | 1 4 5 |  5.0
Unarmed Combat | 3 4 6 7 8 |  8.4
Stealth        | 2 3 |  3.0
Fire Magic     | 1 3 5 6 |  6.0
Translocations | 2 5 6 |  6.0
Hexes          | 1 4 5 |  5.6

Action                   |  1- 3 |  4- 6 |  7- 9 | 10-12 | 13-15 || total
-------------------------+-------+-------+-------+-------+-------++-------
Melee: Dagger            |    25 |    12 |   135 |     5 |       ||   177
       Punch             |       |       |     2 |       |       ||     2
       Flail             |       |       |       |     4 |     3 ||     7
 Cast: Sting             |    57 |    94 |    89 |    76 |     6 ||   322
       Poisonous Vapours |       |    12 |    56 |    85 |    37 ||   190
       Olgreb's Toxic Ra |       |     1 |    15 |    35 |    16 ||    67
       Mephitic Cloud    |       |     1 |       |       |       ||     1
       Ignite Poison     |       |       |     3 |   104 |    39 ||   146
       Fulminant Prism   |       |       |       |    31 |    14 ||    45
       Magic Dart        |       |       |       |     5 |     3 ||     8
Evoke: Wand              |       |       |    10 |       |       ||    10
  Use: Scroll            |       |     4 |    16 |     3 |     1 ||    24
       Potion            |       |       |     1 |     1 |       ||     2
 Stab: Sleeping          |       |     1 |     9 |     1 |       ||    11
Armor: Robe              |     6 |    15 |    15 |       |       ||    36
       Leather armour    |       |       |    36 |    38 |       ||    74
       Steam dragon scal |       |       |    30 |       |       ||    30
       Animal skin       |       |       |       |    11 |    26 ||    37
Dodge: Dodged            |    26 |    31 |   114 |    70 |    40 ||   281
